 Dungeon Crawl Stone Soup version 0.24.0-123-gd5b16e6ec5 (webtiles) character file.

Game seed: 3986987262954560927, levelgen mode: deterministic

212 Lemonice the Charmwright (level 5, -3/43 HPs)
             Began as a Gnoll Skald on Feb 10, 2020.
             Killed from afar by Sigmund (7 damage)
             ... with a magic dart
             ... on level 3 of the Dungeon.
             The game lasted 00:07:32 (2881 turns).

Lemonice the Charmwright (Gnoll Skald)              Turns: 2881, Time: 00:07:33

Health: -3/43      AC:  5    Str: 15    XL:     5   Next: 89%
Magic:  9/12       EV: 15    Int: 15    God:
Gold:   200        SH:  0    Dex: 18    Spells: 10/14 levels left

rFire    + . .     SeeInvis .   a - +0 spear
rCold    . . .     Gourm    .   (no shield)
rNeg     . . .     Faith    .   b - +0 leather armour
rPois    .         Spirit   .   g - +0 helmet
rElec    .         Reflect  .   (no cloak)
rCorr    .         Harm     .   (no gloves)
MR       .....                  h - +0 pair of boots
Stlth    +.........             (no amulet)
HPRegen  0.14/turn              c - +4 ring of dexterity
MPRegen  0.13/turn              e - ring of protection from fire

@: confused, infused (expiring)
A: distributed training, fangs 1, strong nose
a: no special abilities


You were on level 3 of the Dungeon.
You were very hungry.

You visited 1 branch of the dungeon, and saw 3 of its levels.

You collected 200 gold pieces.

Inventory:

Hand Weapons
 a - a +0 spear (weapon)
 l - a +0 short sword of holy wrath
Armour
 b - a +0 leather armour (worn)
 g - a +0 helmet (worn)
 h - a +0 pair of boots (worn)
Jewellery
 c - a +4 ring of dexterity (left hand)
 e - a ring of protection from fire (right hand)
 j - an uncursed amulet of guardian spirit
Wands
 k - a wand of digging (5)
Scrolls
 f - 3 scrolls of identify {unknown}
 m - a scroll of fear {unknown}
Potions
 i - 2 potions of curing {unknown}
Comestibles
 d - 3 rations


   Skills:
 + Level 4.8 Fighting
 + Level 1.6 Short Blades
 + Level 1.6 Long Blades
 + Level 1.6 Axes
 + Level 1.6 Maces & Flails
 + Level 4.8 Polearms
 + Level 1.6 Staves
 + Level 1.6 Slings
 + Level 1.6 Bows
 + Level 1.6 Crossbows
 + Level 1.6 Throwing
 + Level 3.0 Armour
 + Level 4.8 Dodging
 + Level 1.6 Stealth
 + Level 1.6 Shields
 + Level 1.6 Unarmed Combat
 + Level 5.2 Spellcasting
 + Level 1.3 Conjurations
 + Level 1.3 Hexes
 + Level 5.6 Charms
 + Level 1.3 Summonings
 + Level 1.3 Necromancy
 + Level 1.3 Translocations
 + Level 1.3 Transmutations
 + Level 1.3 Fire Magic
 + Level 1.3 Ice Magic
 + Level 1.3 Air Magic
 + Level 1.3 Earth Magic
 + Level 1.3 Poison Magic
 + Level 1.8 Invocations
 + Level 1.6 Evocations


You had 10 spell levels left.
You knew the following spells:

 Your Spells              Type           Power        Failure   Level  Hunger
a - Infusion              Chrm           ###.         1%          1    None
b - Spectral Weapon       Hex/Chrm       ##......     14%         3    ###....

Your spell library contained the following spells:

 Spells                   Type           Power        Failure   Level  Hunger
 Song of Slaying          Chrm           ###.....     3%          2    ##.....
 Shroud of Golubria       Chrm/Tloc      ##....       7%          2    ##.....
 Regeneration             Chrm/Necr      ##........   14%         3    ###....


Dungeon Overview and Level Annotations

Branches:
Dungeon (3/15)

Altars:
Ashenzari
Fedhas
Gozag
Qazlal
The Shining One

Annotations:
D:3 1 runed translucent door, Crazy Yiuf, Sigmund


Innate Abilities, Weirdness & Mutations

Your experience applies equally to all skills.
You have very sharp teeth.
Your uncanny sense of smell can sniff out nearby items.


Message History

You closely miss something. Something hits you.
You're too confused to move!
You barely miss your spectral weapon.
You hear some strange, mumbled words.
You are more confused.
Something hits you!
The rat twitches its whiskers.
Something hits you.
* * * LOW HITPOINT WARNING * * *
You are feeling very hungry.
Something barely misses you.
You hit something!
Your magical infusion is running out.
Something hits you!
* * * LOW HITPOINT WARNING * * *
You bump into the translucent stone wall.
You hear some strange, mumbled words.
A magic dart appears from out of thin air!
The magic dart hits you!
You die...

#######
.......###########
######..##.......#
.....##@{...#
#.#.=8#.(...####.#.#
...#.r#.............
......#..###.###.#. #
.©...)#©..##..# .#..####
.....$#.......##.#......
...#..#........#.##.####
#.#..8#......#.#.# #..
.....##......#.#.# #.#


You could see a rat and a friendly spectral +0 spear.

Vanquished Creatures
  A hound (D:3)
  Robin (D:2)
  A gnoll (D:2)
  8 adders
  5 worms (D:2)
  A dart slug (D:2)
  2 leopard geckos (D:2)
  An orc (D:3)
  8 bats
  4 giant cockroaches
  17 goblins
  12 hobgoblins
  4 frilled lizards
  4 kobolds (D:2)
  2 rats
  A plant (D:2)
72 creatures vanquished.

Vanquished Creatures (others)
  A plant (D:2)
1 creature vanquished.

Grand Total: 73 creatures vanquished

Notes
Turn   | Place    | Note
-------+----------+-------------------------------------------
     0 | D:1      | Lemonice the Gnoll Skald began the quest for the Orb.
     0 | D:1      | Reached XP level 1. HP: 20/20 MP: 6/6
   207 | D:1      | Reached XP level 2. HP: 26/26 MP: 7/7
   491 | D:1      | You fall into a shaft and drop 1 floor!
   513 | D:2      | Reached XP level 3. HP: 27/31 MP: 9/9
   516 | D:2      | Reached skill level 5 in Spellcasting
   541 | D:2      | Found a glowing golden altar of the Shining One.
   723 | D:2      | Reached skill level 1 in Invocations
   897 | D:2      | Reached skill level 1 in Short Blades
   897 | D:2      | Reached skill level 1 in Long Blades
   897 | D:2      | Reached skill level 1 in Axes
   897 | D:2      | Reached skill level 1 in Maces & Flails
   897 | D:2      | Reached skill level 1 in Staves
   897 | D:2      | Reached skill level 1 in Slings
   897 | D:2      | Reached skill level 1 in Bows
   897 | D:2      | Reached skill level 1 in Crossbows
   897 | D:2      | Reached skill level 1 in Throwing
   897 | D:2      | Reached skill level 1 in Stealth
   897 | D:2      | Reached skill level 1 in Shields
   897 | D:2      | Reached skill level 1 in Unarmed Combat
   897 | D:2      | Reached skill level 1 in Evocations
   897 | D:2      | Reached XP level 4. HP: 24/38 MP: 11/11
   916 | D:2      | Found a shattered altar of Ashenzari.
  1390 | D:2      | Found an opulent altar of Gozag.
  1488 | D:2      | Noticed Robin
  1491 | D:2      | Reached skill level 1 in Conjurations
  1491 | D:2      | Reached skill level 1 in Hexes
  1491 | D:2      | Reached skill level 1 in Summonings
  1491 | D:2      | Reached skill level 1 in Necromancy
  1491 | D:2      | Reached skill level 1 in Translocations
  1491 | D:2      | Reached skill level 1 in Transmutations
  1491 | D:2      | Reached skill level 1 in Fire Magic
  1491 | D:2      | Reached skill level 1 in Ice Magic
  1491 | D:2      | Reached skill level 1 in Air Magic
  1491 | D:2      | Reached skill level 1 in Earth Magic
  1491 | D:2      | Reached skill level 1 in Poison Magic
  1811 | D:2      | Killed Robin
  1811 | D:2      | Reached XP level 5. HP: 25/43 MP: 12/12
  2407 | D:2      | Found a stormy altar of Qazlal.
  2724 | D:3      | Found a blossoming altar of Fedhas.
  2799 | D:3      | Found a runed translucent door.
  2800 | D:3      | Noticed Crazy Yiuf
  2855 | D:3      | Noticed Sigmund
  2862 | D:3      | Learned a level 3 spell: Spectral Weapon
  2881 | D:3      | Killed from afar by Sigmund

Levels and vault maps discovered:
D:1:      dpeg_arrival_rhombus, layout_basic, st_stairs_8
D:2:      layout_loops_cross, nicolae_gozag_seed_capital,
          nicolae_ashenzari_panopticon, minitemple, serial_bayou,
          serial_bayou_pond_e, serial_bayou_pond_c, serial_bayou_pond_b,
          serial_bayou_ford_a, minmay_small_reverse_x, uniq_robin
D:3:      layout_basic, fedhas_ov_isle_minmay, nicolae_ru_the_path_less_chosen,
          gammafunk_ghost_arena, minmay_pentomino_pile, uniq_sigmund,
          uniq_crazy_yiuf_cottage

Skill      XL: |  1  2  3  4  5 |
---------------+----------------+-----
Spellcasting   | 5 |  5.2
Invocations    | 1 |  1.8
Short Blades   | 1 |  1.6
Long Blades    | 1 |  1.6
Axes           | 1 |  1.6
Maces & Flails | 1 |  1.6
Staves         | 1 |  1.6
Slings         | 1 |  1.6
Bows           | 1 |  1.6
Crossbows      | 1 |  1.6
Throwing       | 1 |  1.6
Stealth        | 1 |  1.6
Shields        | 1 |  1.6
Unarmed Combat | 1 |  1.6
Evocations     | 1 |  1.6
Conjurations   | 1 |  1.3
Hexes          | 1 |  1.3
Summonings     | 1 |  1.3
Necromancy     | 1 |  1.3
Translocations | 1 |  1.3
Transmutations | 1 |  1.3
Fire Magic     | 1 |  1.3
Ice Magic      | 1 |  1.3
Air Magic      | 1 |  1.3
Earth Magic    | 1 |  1.3
Poison Magic   | 1 |  1.3
Armour         | 3 |  3.0
Fighting       | |  4.8
Polearms       | |  4.8
Dodging        | |  4.8
Charms         | |  5.6

Action                   |  1- 3 |  4- 6 || total
-------------------------+-------+-------++-------
Melee: Spear             |   103 |   331 ||   434
       Bite              |    11 |    38 ||    49
       Punch             |       |     2 ||     2
 Cast: Infusion          |       |     1 ||     1
       Spectral Weapon   |       |     1 ||     1
  Use: Potion            |     1 |       ||     1
       Scroll            |     1 |       ||     1
 Stab: Sleeping          |       |     8 ||     8
  Eat: Chunk             |       |     6 ||     6
Armor: Leather armour    |    14 |    21 ||    35
Dodge: Dodged            |    65 |   138 ||   203
